 Dungeon Crawl Stone Soup version 0.26.1-11-gd32895ea62 (webtiles) character file.

Game seed: 4652412457353729287

1026 phalm the Conjurer (level 8, 60/60 HPs)
             Began as a Demonspawn Conjurer on June 24, 2021.
             Quit the game on level 4 of the Dungeon.
             The game lasted 00:06:52 (5656 turns).

phalm the Conjurer (Demonspawn Conjurer)            Turns: 5656, Time: 00:06:52

Health: 60/60      AC:  5    Str:  7    XL:     8   Next: 2%
Magic:  10/14      EV: 12    Int: 22    God:
Gold:   281        SH:  0    Dex: 12    Spells: 8/15 levels left

rFire    + . .     SeeInvis .   n - +1 whip (drain)
rCold    + . .     Faith    .   (no shield)
rNeg     . . .     Spirit   +   a - +0 robe
rPois    .         Reflect  .   (no helmet)
rElec    .         Harm     .   u - +0 cloak {Stlth+}
rCorr    .         Rampage  .   (no gloves)
Will     .....                  (no boots)
Stlth    ++........             A - amulet of the acrobat
HPRegen  0.20/turn              F - ring of protection from fire
MPRegen  0.14/turn              C - ring of protection from cold

@: no status effects
A: talons 2, molten scales 1, powered by pain 1, magic shield
a: no special abilities


You were on level 4 of the Dungeon.
You visited 1 branch of the dungeon, and saw 4 of its levels.

You collected 281 gold pieces.


Innate Abilities, Weirdness & Mutations

You have razor-sharp toenails.
You are partially covered in molten scales. (AC +2)
You sometimes gain a little power by taking damage.
When hurt, damage is shared between your health and your magic reserves.


   Skills:
 + Level 3.8 Fighting
 - Level 1.7 Dodging
 - Level 1.7 Stealth
 + Level 4.1 Spellcasting
 * Level 6.9 Conjurations
 * Level 4.0 Translocations


You had 8 spell levels left.
You knew the following spells:

 Your Spells              Type           Power        Failure   Level
m - Magic Dart            Conj           100%         1%          1
s - Searing Ray           Conj           70%          1%          2
X - Iskenderun's Mystic   Conj/Tloc      28%          12%         4

Your spell library contained the following spells:

 Spells                   Type           Power        Failure   Level
 Dazzling Flash           Conj/Hex       38%          8%          3
 Fulminant Prism          Conj/Hex       9%           26%         4

Inventory:

Hand Weapons
 d - a +0 club
   (You took it off a hobgoblin on level 1 of the Dungeon)
 m - a +0 short sword
   (You found it on level 1 of the Dungeon)
 n - a +1 whip of draining (weapon)
   (You found it on level 2 of the Dungeon)
Missiles
 o - 154 stones
 t - 5 sling bullets
 v - 15 poisoned darts (quivered)
 w - 31 bolts
 B - 17 arrows
Armour
 a - a +0 robe (worn)
 u - a +0 cloak of stealth (worn)
   (You took it off Crazy Yiuf on level 2 of the Dungeon)
Jewellery
 c - an uncursed ring of ice
   (You found it on level 2 of the Dungeon)
 A - an amulet of the acrobat (around neck)
   (You found it on level 1 of the Dungeon)
 C - a ring of protection from cold (right hand)
   (You found it on level 2 of the Dungeon)
 F - a ring of protection from fire (left hand)
   (You found it on level 1 of the Dungeon)
Wands
 r - a wand of paralysis (3)
   (You found it on level 4 of the Dungeon)
Scrolls
 b - 6 scrolls of identify {unknown}
 f - 3 scrolls of teleportation {unknown}
 g - 2 scrolls of remove curse {unknown}
 h - 2 scrolls of magic mapping {unknown}
 j - a scroll of random uselessness {unknown}
 k - a scroll of enchant weapon {unknown}
 p - a scroll of immolation {unknown}
 x - a scroll of amnesia {unknown}
 y - a scroll of noise {unknown}
 z - 2 scrolls of fear {unknown}
Potions
 e - a potion of lignification {unknown}
 i - 5 potions of degeneration {unknown}
 l - a potion of curing {@q1}
 q - a potion of flight {unknown}
 s - 4 potions of invisibility {unknown}

Dungeon Overview and Level Annotations

Branches:
Dungeon (4/15)
 Temple: D:4-7

Altars:

#.#
#.....##...##....
#.# .....
#.....##...##....
#.# .....
#.....##...##....
#.# ......
##.##########....
#.# ...... #.#
#.... #.#
......###.##
#.... #.#
...........#
#.... #.#
...........#
##### #.#
.......@...# #.#
.....$.....# #.#
######.....#
####.# #######
.....# ######


There were no monsters in sight!


Message History

The searing ray hits Menkaure!
You destroy Menkaure!
You finish channeling your searing ray.
Your Spellcasting skill increases to level 4! 😎 HP[+1] MP[-1]
You now have 53 max hp (+1).
Your hp is fully restored (53).
You start resting. 😎 MP[+8]
Your mp is fully restored (13).
B - 17 arrows You open the door.
You now have 240 gold pieces (gained 18).
s - 4 grey potions (gained 2)
You now have 249 gold pieces (gained 9).
o - 154 stones (gained 15)
You now have 263 gold pieces (gained 14).
h - 2 scrolls labelled YMIMANGI JISUSM (gained 1)
You now have 281 gold pieces (gained 18).
You open the door.
There is an open door here.
i - 5 black potions (gained 1)
A shadow imp comes into view.
Casting: Searing Ray (safe; 1% risk of failure)
Confirm with . or Enter, or press ? or * to list all spells.
Aiming: Magic Dart (safe; 1% risk of failure)
Press: ? - help, Shift-Dir - straight line, f - shadow imp
Aim: a shadow imp (asleep, 0% to evade)
The magic dart hits the shadow imp. 😎 MP[-1]
You lost 1 mp, and now have 12/13 mp.
Casting: Magic Dart (safe; 1% risk of failure)
Confirm with . or Enter, or press ? or * to list all spells.
Aiming: Magic Dart (safe; 1% risk of failure)
Press: ? - help, Shift-Dir - straight line, f/p - shadow imp
Aim: a shadow imp (heavily wounded, 0% to evade)
The magic dart hits the shadow imp!
You kill the shadow imp! 😎 MP[-1]
You lost 1 mp, and now have 11/13 mp.
Casting: Magic Dart (safe; 1% risk of failure)
Confirm with . or Enter, or press ? or * to list all spells.
You can't see any susceptible monsters within range! (Use Z to cast anyway.)
An orc comes into view. 😎 MP[+2]
Your mp is fully restored (13).
Casting: Magic Dart (safe; 1% risk of failure)
Confirm with . or Enter, or press ? or * to list all spells.
Aiming: Magic Dart (safe; 1% risk of failure)
Press: ? - help, Shift-Dir - straight line, f - orc
Aim: an orc (asleep, 0% to evade)
The magic dart hits the orc.
The orc shouts! 😎 MP[-1]
You lost 1 mp, and now have 12/13 mp.
Casting: Magic Dart (safe; 1% risk of failure)
Confirm with . or Enter, or press ? or * to list all spells.
Aiming: Magic Dart (safe; 1% risk of failure)
Press: ? - help, Shift-Dir - straight line, f/p - orc
Aim: an orc (heavily wounded, 0% to evade)
The magic dart hits the orc.
You kill the orc! 😎 MP[-1]
You lost 1 mp, and now have 11/13 mp.
Casting: Magic Dart (safe; 1% risk of failure)
Confirm with . or Enter, or press ? or * to list all spells.
You can't see any susceptible monsters within range! (Use Z to cast anyway.)
Casting: Magic Dart (safe; 1% risk of failure)
Confirm with . or Enter, or press ? or * to list all spells.
You can't see any susceptible monsters within range! (Use Z to cast anyway.)
A hound comes into view. 😎 MP[+1]
Casting: Magic Dart (safe; 1% risk of failure)
Confirm with . or Enter, or press ? or * to list all spells.
Aiming: Magic Dart (safe; 1% risk of failure)
Press: ? - help, Shift-Dir - straight line, f - hound
Aim: a hound (wandering, hasn't noticed you, 0% to evade)
The magic dart hits the hound.
The hound barks! 😎 MP[-1]
You lost 1 mp, and now have 11/13 mp.
Casting: Magic Dart (safe; 1% risk of failure)
Confirm with . or Enter, or press ? or * to list all spells.
Aiming: Magic Dart (safe; 1% risk of failure)
Press: ? - help, Shift-Dir - straight line, f/p - hound
Aim: a hound (moderately wounded, 0% to evade)
The magic dart hits the hound.
Casting: Magic Dart (safe; 1% risk of failure)
Confirm with . or Enter, or press ? or * to list all spells.
Aiming: Magic Dart (safe; 1% risk of failure)
Press: ? - help, Shift-Dir - straight line, f/p - hound
Aim: a hound (severely wounded, 0% to evade)
The magic dart hits the hound.
You kill the hound!
Your Translocations skill increases to level 4!
You have reached level 8!
You feel agile.
Your demonic ancestry asserts itself...
You feel energised by your suffering. 😎 HP[+7] MP[-1]
You now have 60 max hp (+7).
Your hp is fully restored (60).
Are you sure you want to abandon this character and quit the game? (Confirm with "yes".)

Skill      XL: |  1  2  3  4  5  6  7 |
---------------+----------------------+-----
Fighting       | 1 2 3 |  3.8
Conjurations   | 5 6 |  6.9
Spellcasting   | 3 4 |  4.1
Translocations | 2 4 |  4.0
Dodging        | |  1.7
Stealth        | |  1.7

Action                   |  1- 3 |  4- 6 |  7- 9 || total
-------------------------+-------+-------+-------++-------
Melee: Unarmed           |     4 |       |       ||     4
       Club              |     6 |       |       ||     6
       Whip              |     9 |    20 |       ||    29
       Kick              |     2 |     4 |       ||     6
Throw: Dart              |       |     6 |       ||     6
 Cast: Magic Dart        |    68 |    47 |    38 ||   153
       Searing Ray       |       |    11 |     6 ||    17
Evoke: Wand              |       |     5 |       ||     5
 Stab: Paralysed         |       |    13 |       ||    13
Armor: Robe              |     8 |     2 |       ||    10
Dodge: Dodged            |    17 |    11 |     1 ||    29

Levels and vault maps discovered:
D:1:      dpeg_arrival_chambers_temple_mockup, layout_basic, serial_aquarium,
          aquarium_bridge_island_small [aquarium_subvault_small_open,
          aquarium_subvault_window, aquarium_subvault_bridge,
          aquarium_subvault_bridge, aquarium_subvault_bridge],
          aquarium_bridge_square [aquarium_subvault_balcony,
          aquarium_subvault_wall, aquarium_subvault_wall,
          aquarium_subvault_bridge], aquarium_window_fake, aquarium_window_3,
          aquarium_window_corner, aquarium_window_fake, aquarium_view_4,
          aquarium_pool_five, minmay_misc_feat_nine_boxes, hex_intersection
D:2:      layout_basic, minmay_tiny_reverse_x, uniq_crazy_yiuf_cottage
D:3:      layout_basic, uniq_grinder
D:4:      layout_basic, uniq_menkaure, uniq_eustachio

Notes
Turn   | Place    | Note
-------+----------+-------------------------------------------
     0 | D:1      | phalm the Demonspawn Conjurer began the quest for the Orb.
     0 | D:1      | Reached XP level 1. HP: 13/13 MP: 3/3
     0 | D:1      | magus.rc [v1.9.10]
   567 | D:1      | Gained mutation: You have sharp toenails. [demonic
                  | ancestry]
   567 | D:1      | Reached XP level 2. HP: 20/20 MP: 3/5
  1595 | D:2      | Reached skill level 1 in Fighting
  1599 | D:2      | Reached XP level 3. HP: 16/26 MP: 1/6
  2222 | D:2      | Found a runed translucent door.
  2223 | D:2      | Noticed Crazy Yiuf
  2245 | D:2      | Learned a level 2 spell: Searing Ray
  2475 | D:2      | Reached XP level 4. HP: 26/32 MP: 1/8
  2667 | D:2      | You fall into a shaft and drop 2 floors!
  2691 | D:4      | Reached skill level 5 in Conjurations
  2698 | D:4      | Learned a level 4 spell: Iskenderun's Mystic Blast
  2795 | D:4      | Reached skill level 2 in Fighting
  3196 | D:2      | Killed Crazy Yiuf
  3197 | D:2      | Reached skill level 3 in Spellcasting
  3197 | D:2      | Gained mutation: You are partially covered in molten
                  | scales. (AC +2) [demonic ancestry]
  3197 | D:2      | Reached XP level 5. HP: 38/38 MP: 5/9
  3370 | D:3      | Reached skill level 1 in Translocations
  4319 | D:3      | Noticed Grinder
  4342 | D:3      | Killed Grinder
  4343 | D:3      | Reached skill level 2 in Translocations
  4343 | D:3      | Gained mutation: When hurt, damage is shared between your
                  | health and your magic reserves. [demonic ancestry]
  4343 | D:3      | Reached XP level 6. HP: 27/46 MP: 2/11
  4738 | D:4      | Noticed Eustachio
  4740 | D:4      | Reached skill level 6 in Conjurations
  4751 | D:4      | Killed Eustachio
  4752 | D:4      | Reached skill level 3 in Fighting
  4752 | D:4      | Gained mutation: You have razor-sharp toenails. [demonic
                  | ancestry]
  4752 | D:4      | Reached XP level 7. HP: 52/52 MP: 1/12
  4903 | D:4      | Reached skill level 3 in Translocations
  5358 | D:4      | Noticed Menkaure
  5374 | D:4      | Killed Menkaure
  5375 | D:4      | Reached skill level 4 in Spellcasting
  5656 | D:4      | Reached skill level 4 in Translocations
  5656 | D:4      | Gained mutation: You sometimes gain a little power by
                  | taking damage. [demonic ancestry]
  5656 | D:4      | Reached XP level 8. HP: 60/60 MP: 10/14
  5656 | D:4      | Quit the game

Vanquished Creatures
  Grinder (D:3)
  Eustachio (D:4)
  Menkaure (D:4)
  2 ogres (D:4)
  2 hounds (D:4)
  3 orc priests
  Crazy Yiuf (D:2)
  2 worker ants (D:4)
  4 adders
  3 gnolls (D:4)
  A shadow imp (D:4)
  2 oozes
  3 worms (D:3)
  2 dart slugs
  A leopard gecko (D:3)
  7 orcs
  5 giant cockroaches
  5 goblins
  4 hobgoblins
  7 jackals (D:2)
  7 kobolds
  3 quokkas
  2 ball pythons
  7 bats
  5 frilled lizards
  10 rats
91 creatures vanquished.

Table legend:
 A = Non-vault XP
 B = Vault XP
 C = Vault XP percentage of total XP
 D = Non-vault monster count
 E = Vault monster count
 F = Vault count percentage of total count
                 A         B        C        D         E       F
            +---------+---------+-------+---------+---------+-------
      Total |     747 |     720 |  49.1 |      85 |       6 |   6.6
            +---------+---------+-------+---------+---------+-------
        D:1 |      24 |       0 |   0.0 |      13 |       0 |   0.0
        D:2 |      66 |      56 |  45.9 |      25 |       3 |  10.7
        D:3 |      96 |     281 |  74.5 |      24 |       1 |   4.0
        D:4 |     561 |     383 |  40.6 |      23 |       2 |   8.0
            +---------+---------+-------+---------+---------+-------

Illustrated notes

Table legend:
 A = Kills in this place as a percentage of kills in entire the game.
 B = Kills by you in this place as a percentage of kills by you in the entire game.
 C = Kills by friends in this place as a percentage of kills by friends in the entire game.
 D = Other kills in this place as a percentage of other kills in the entire game.
 E = Experience gained in this place as a percentage of experience gained in the entire game.
 F = Experience gained in this place divided by the number of levels of this place that you have seen.
                   A       B       C       D       E      F
               +-------+-------+-------+-------+-------+----------------------
         Total | 100.0 | 100.0 |   N/A |   N/A | 100.0 | 366.8
       Dungeon | 100.0 | 100.0 |   N/A |   N/A | 100.0 | 366.8
               +-------+-------+-------+-------+-------+----------------------

Table legend: (Time is in decaauts)
 A = Elapsed time spent in this place.
 B = Non-inter-level travel time spent in this place.
 C = Inter-level travel time spent in this place.
 D = Time resting spent in this place.
 E = Time spent auto-exploring this place.
 F = Levels seen in this place.
 G = Mean time per level.
                   A        B        C        D        E       F      G
               +--------+--------+--------+--------+--------+-----+--------+
         Total |   5658 |   5437 |    221 |     73 |   4900 |   4 | 1414.5 |
       Dungeon |   5658 |   5437 |    221 |     73 |   4900 |   4 | 1414.5 |
               +--------+--------+--------+--------+--------+-----+--------+

Top non-repeatable levels by time:
     D:1: 1549 daAuts
     D:3: 1502 daAuts
     D:2: 1461 daAuts
     D:4: 1145 daAuts
